 Dungeon Crawl Stone Soup version 0.23-a0-26-g9187234747 (webtiles) character file.

25 Htamos the Skirmisher (level 3, 0/40 HPs)
             Began as an Ogre Fighter on Aug 3, 2018.
             Slain by Natasha (8 damage)
             ... on level 2 of the Dungeon.
             The game lasted 00:01:51 (951 turns).

Htamos the Skirmisher (Ogre Fighter)                 Turns: 951, Time: 00:01:52

Health: 0/40       AC:  3    Str: 26    XL:     3   Next: 6%
Magic:  3/3        EV:  8    Int:  9    God:
Gold:   31         SH:  9    Dex:  8    Spells: 2/2 levels left

rFire    . . .     SeeInvis .     - Unarmed
rCold    . . .     Gourm    .   b - +0 shield
rNeg     . . .     Faith    .   a - +0 robe
rPois    .         Spirit   .   (helmet restricted)
rElec    .         Reflect  .   (no cloak)
rCorr    .         Harm     .   (gloves unavailable)
MR       .....                  (boots unavailable)
Stlth    +.........             (no amulet)
HPRegen  0.13/turn              (no ring)
MPRegen  0.08/turn              (no ring)

@: mighty, very slightly contaminated, invisible
A: large, unfitting armour, tough skin 1
a: no special abilities


You were on level 2 of the Dungeon.
You were not hungry.

You visited 1 branch of the dungeon, and saw 2 of its levels.

You collected 31 gold pieces.

Inventory:

Armour
 a - a +0 robe (worn)
 b - a +0 shield (worn)
Scrolls
 g - a scroll of fog {unknown}
 h - a scroll of remove curse {unknown}
 i - a scroll of teleportation {unknown}
 j - 2 scrolls of identify {unknown}
Potions
 e - a potion of brilliance {unknown}
 f - a potion of invisibility
Comestibles
 d - 3 rations
 k - a chunk of flesh


   Skills:
 + Level 4.3 Fighting
 + Level 2.9 Dodging
 + Level 2.9 Shields
 * Level 2.3 Unarmed Combat


You had 2 spell levels left.
You didn't know any spells.
Your spell library was empty.

Dungeon Overview and Level Annotations

Branches:
Dungeon (2/15)

Altars:

Annotations:
D:2 Natasha


Innate Abilities, Weirdness & Mutations

You are too large for most types of armour.
You have tough skin. (AC +1)


Message History

You hit the giant cockroach.
The giant cockroach is almost dead.
The giant cockroach barely misses you.
The goblin shoots a stone.
The stone hits you.
* * * LOW HITPOINT WARNING * * *
It was a potion of invisibility.
You fade into invisibility!
The giant cockroach bites you.
* * * LOW HITPOINT WARNING * * *
The goblin shoots a stone.
You block the stone.
You are very lightly contaminated with residual magic.
You feel very mighty all of a sudden. You block the giant cockroach's attack.
Natasha claws you.
* * * LOW HITPOINT WARNING * * *
The goblin shoots a stone.
The stone hits Natasha.
The giant cockroach barely misses you.
You miss Natasha.
Natasha is moderately wounded.
Natasha claws you!
You die...

##.. #.##... ...
....g. ##..#....#
##.......####
.##............
....#......####
....h..(.......
......#sh..###. ....#
#@...# ...
###....#### .
#.........## .
##.####.....##
....#..###.......# #)
...............[..# .
......>####.......#.#
......# ##.....##.#
...... #..........


You could see Natasha, a giant cockroach and a goblin.

Vanquished Creatures
  A dart slug (D:1)
  A leopard gecko (D:1)
  2 goblins (D:1)
  3 hobgoblins (D:1)
  3 jackals (D:1)
  A kobold (D:1)
  A quokka (D:2)
  5 bats
  2 frilled lizards (D:1)
  2 rats (D:1)
21 creatures vanquished.

Notes
Turn   | Place    | Note
-------+----------+-------------------------------------------
     0 | D:1      | Htamos the Ogre Fighter began the quest for the Orb.
     0 | D:1      | Reached XP level 1. HP: 24/24 MP: 1/1
   177 | D:1      | Reached XP level 2. HP: 29/32 MP: 2/2
   847 | D:1      | Reached XP level 3. HP: 37/39 MP: 3/3
   942 | D:2      | Noticed Natasha
   951 | D:2      | Slain by Natasha

Vault maps used:
D:1:      nicolae_arrival_memento_mori
D:2:      first_ration, hangedman_decor_clover_reticule, uniq_robin,
          uniq_natasha

Skill      XL: |  1 |
---------------+----+-----
Unarmed Combat | 2 |  2.3
Fighting       | |  4.3
Dodging        | |  2.9
Shields        | |  2.9

Action                   || total
-------------------------++-------
Melee: Unarmed           ||   111
  Use: Potion            ||     2
Armor: Robe              ||    51
Dodge: Dodged            ||    55
Block: Shield            ||    56

Table legend:
 A = Spawn XP
 B = Non-spawn XP
 C = Spawn XP percentage of total XP
 D = Spawn monster count
 E = Non-spawn monster count
 F = Spawn count percentage of total count
 G = Total turns spent on level
                    A         B        C        D         E        F      G
               +---------+---------+-------+---------+---------+-------+---------
         Total |       0 |      37 |   0.0 |       0 |      21 |   0.0 |   951
               +---------+---------+-------+---------+---------+-------+---------
           D:1 |       0 |      34 |   0.0 |       0 |      19 |   0.0 |   919
           D:2 |       0 |       3 |   0.0 |       0 |       2 |   0.0 |    32
               +---------+---------+-------+---------+---------+-------+---------
